AoeStats
← kpsu8366

Hideout

503343768Analyzed
4v4 RM · 1mo ago on Aug 31, 2026· 29m 39s· 8 players
Game mode
Random Map
Map size
Large (8 player)
Population
200
Speed
Normal
Resources
Standard
Victory
Conquest
Starting age
Dark Age
Ending age
Imperial Age
RankedLock teamsTeams togetherTeam positionsShared explorationLock speedFull tech treeHidden civsTurbo modeCheats
Victory
Defeat
🇮🇳 Celts · India
1181
+12
🇮🇳 Khmer · India
1176
+12
🇵🇰 Slavs · Pakistan
1035
+18
🇨🇳 Mongols · China
1005
+20
🇲🇽 Turks · Mexico
1113
-17
🇫🇷 Bohemians · France
1089
-16
🇹🇷 Slavs · Türkiye
1087
-15
🇫🇷 Britons · France
1045
-14
alabataille
10:20 Feudal Age
10:34 Man-at-Arms
13:42 Fletching
21:03 Castle Age
19:22 Double-Bit Axe
21:45 Bodkin Arrow
22:16 Bow Saw
22:00 Horse Collar
22:35 Crossbowman
25:27 Gold Mining
26:36 Ballistics
Wolfran
10:42 Feudal Age
14:37 Castle Age
13:05 Double-Bit Axe
16:31 Fervor
19:20 Fletching
zeron
8:21 Loom
10:08 Feudal Age
15:24 Castle Age
14:20 Double-Bit Axe
21:06 Town Watch
22:09 Horse Collar
24:21 Scale Barding Armor
SHADOW2727z
0:31 Loom
11:51 Feudal Age
13:10 Wheelbarrow
17:05 Castle Age
16:28 Stone Mining
18:48 Horse Collar
24:54 Double-Bit Axe
28:18 Hand Cart
nikhdy
7:21 Loom
9:43 Feudal Age
9:49 Man-at-Arms
12:02 Double-Bit Axe
19:50 Castle Age
18:06 Stone Mining
18:28 Horse Collar
18:50 Gold Mining
22:36 Gold Shaft Mining
22:48 Scale Mail Armor
22:59 Forging
27:35 Wheelbarrow
29:27 Chain Mail Armor
Lala Land
2:47 Loom
11:40 Feudal Age
16:02 Castle Age
14:35 Double-Bit Axe
14:46 Horse Collar
16:11 Gold Mining
16:30 Scale Barding Armor
26:57 Chain Barding Armor
27:25 Husbandry
28:55 Forging
khamz
6:45 Loom
9:00 Feudal Age
9:38 Double-Bit Axe
10:44 Man-at-Arms
13:06 Horse Collar
15:13 Wheelbarrow
15:08 Forging
15:47 Scale Mail Armor
23:14 Castle Age
23:43 Gold Mining
23:35 Long Swordsman
24:36 Chain Mail Armor
24:47 Bow Saw
25:35 Iron Casting
25:05 Squires
27:34 Heavy Plow
28:23 Hand Cart
28:43 Stone Mining
kpsu8366
11:41 Feudal Age
12:51 Loom
13:38 Double-Bit Axe
13:37 Horse Collar
15:59 Castle Age
15:51 Loom
17:36 Bow Saw
17:28 Heavy Plow
25:13 Wheelbarrow
27:48 Fervor
31:04 Imperial Age
30:23 Ballistics
29:57 Fletching
Connection lost

Rejoining the realm…

Still unreachable

The connection could not be restored.

Session expired

The server has moved on; the page needs a fresh start.